 Dungeon Crawl Stone Soup version 0.30-a0-141-g30f27751c5 (webtiles) character file.

Game seed: 14550734729463918265

83 qw the Chopper (level 4, -11/28 HPs)
             Began as a Gargoyle Fighter on Sept 25, 2022.
             Was an Initiate of Okawaru.
             Killed by divine providence
             ... invoked by an orc priest
              (14 damage)
             ... on level 3 of the Dungeon.
             The game lasted 00:00:45 (2298 turns).

qw the Chopper (Gargoyle Fighter)                   Turns: 2298, Time: 00:00:45

Health: -11/28     AC: 12    Str: 22    XL:     4   Next: 44%
Magic:  4/4        EV:  7    Int:  8    God:    Okawaru [......]
Gold:   120        SH:  4    Dex:  9    Spells: 3/3 levels left

rFire   . . .      SeeInvis +    Y - +0 war axe
rCold   . . .      Faith    .    c - +0 buckler
rNeg    + . .      Spirit   .    a - +0 chain mail
rPois   inf        Reflect  .    (no helmet)
rElec   +          Harm     .    (no cloak)
rCorr   .          Rampage  .    (no gloves)
Will    .....                    (no boots)
Stlth   ..........               (no amulet)
HPRegen 0.09/turn                e - ring of see invisible
MPRegen 0.09/turn                (no ring)

@: no status effects
A: sickness immunity, AC +3, negative energy resistance 1, electricity
resistance, torment resistance 1, petrification resistance
a: Renounce Religion


You were on level 3 of the Dungeon.
You worshipped Okawaru.
Okawaru was noncommittal.
You visited 1 branch of the dungeon, and saw 3 of its levels.

You collected 120 gold pieces.


Innate Abilities, Weirdness & Mutations

You are immune to sickness and miasma.
Your stone body is resilient. (AC +3)
You are immune to poison.
You resist negative energy. (rN+)
You are resistant to electric shocks. (rElec)
You are resistant to unholy torment.
You are immune to petrification.


   Skills:
 - Level 3.2 Fighting
 + Level 4.1 Axes
 - Level 3.2 Armour
 - Level 3.2 Shields


You had 3 spell levels left.
You didn't know any spells.
Your spell library was empty.

Inventory:

Hand Weapons
 l - a +0 whip
 Y - a +0 war axe (weapon)
Missiles
 j - 10 boomerangs (quivered)
Armour
 a - a +0 chain mail (worn)
 c - a +0 buckler (worn)
Jewellery
 e - a ring of see invisible (left hand)
Scrolls
 g - 2 scrolls of identify
Potions
 b - a potion of curing {unknown}
 d - a potion of might
 k - a potion of lignification

Dungeon Overview and Level Annotations

Branches:
Dungeon (3/15)

Altars:
Elyvilon
Okawaru


Message History

You hear a shout! x2
The orc wizard gestures at you while chanting.
You are confused.
You bump into the rock wall.
An orc comes into view. It is wielding a +0 war axe.
You bump into the rock wall.
The orc shouts!
You hear a shout!
The orc wizard gestures at you while chanting.
The puff of flame hits you.
You bump into the rock wall.
A kobold comes into view.
It is wielding a +0 short sword and quivering poisoned darts.
The orc priest jeers loudly, as Orcs often do.
You hit the orc but do no damage.
You feel less confused.
The orc wizard mumbles some strange words.
The orc wizard flickers and vanishes for a moment.
The orc barely misses you. The orc hits you but does no damage.
The orc closely misses you.
You barely miss the orc. x2
The orc hits you with a +0 hand axe.
The orc priest mumbles some strange prayers to Beogh against you.
Beogh smites you! The orc hits you but does no damage.
You slash the orc!
You kill the orc!
Okawaru accepts your kill.
You barely miss the orc. The orc hits you but does no damage.
The orc priest calls down the wrath of Beogh upon you.
Beogh smites you!
You hit the orc but do no damage. You closely miss the kobold.
The orc barely misses you.
The kobold hits you with a +0 short sword.
The orc completely misses you. The kobold hits you but does no damage.
You hit the orc but do no damage. You slash the kobold!
You kill the kobold!
Okawaru accepts your kill.
The orc priest invokes the aid of Beogh against you.
Beogh smites you!
Ouch! That really hurt!
You die... ########### #@o.......## #)#######..## .ooo

#)..# .o..... ###.#
......~... #.# ##
......~.... #.# ##.
..¤¤¤.~..~.. ###.####..
.¤.¤¤.~..~...#.........
#.........


You could see an orc priest, an orc wizard (invisible) and 2 orcs.

Vanquished Creatures
  2 adders (D:2)
  A dart slug (D:1)
  3 orcs (D:3)
  4 bats
  5 endoplasms
  3 giant cockroaches (D:1)
  8 goblins
  5 hobgoblins
  3 jackals (D:1)
  3 quokkas
  3 ball pythons (D:1)
  4 frilled lizards
  9 kobolds
  2 rats (D:2)
55 creatures vanquished.

Notes
Turn   | Place    | Note
-------+----------+-------------------------------------------
     0 | D:1      | qw the Gargoyle Fighter began the quest for the Orb.
     0 | D:1      | Reached XP level 1. HP: 14/14 MP: 1/1
     0 | D:1      | 0 ||| qw: Version: 0.2-a-10-g399e6c4
     0 | D:1      | 0 ||| qw: Game counter: 243
     0 | D:1      | 0 ||| qw: Always use a shield: true
     0 | D:1      | 0 ||| qw: God list: Okawaru
     0 | D:1      | 0 ||| qw: Allow faded altars: false
     0 | D:1      | 0 ||| qw: Do Orc after D:15 true
     0 | D:1      | 0 ||| qw: Do second Lair branch before Depths: true
     0 | D:1      | 0 ||| qw: Lair rune preference: random
     0 | D:1      | 0 ||| qw: Plans: Normal, Zot:1-4, God:TSO, Crypt, Tomb,
                  | Pan, Slime:5, Hells, Abyss, Orb
     0 | D:1      | 0 ||| PLANNING D:1-11
    54 | D:1      | 54 ||| Stepping ~*~*~tactically~*~*~ (stealth).
    58 | D:1      | 58 ||| Stepping ~*~*~tactically~*~*~ (stealth).
    63 | D:1      | Reached skill level 2 in Axes
    86 | D:1      | 86 ||| Stepping ~*~*~tactically~*~*~ (stealth).
   160 | D:1      | 160 ||| Stepping ~*~*~tactically~*~*~ (stealth).
   169 | D:1      | Reached XP level 2. HP: 13/19 MP: 2/2
   481 | D:1      | Reached skill level 3 in Axes
   514 | D:1      | Reached XP level 3. HP: 23/23 MP: 3/3
   527 | D:1      | 527 ||| DROPPING +0 club.
  1069 | D:1      | 1069 ||| READING 2 scrolls labelled HOZOOH VAUFE.
  1070 | D:1      | 1070 ||| READING 2 scrolls labelled URIGRI USTUCH.
  1071 | D:1      | 1071 ||| DRINKING 2 lumpy black potions.
  1072 | D:1      | 1072 ||| DROPPING scroll of butterflies.
  1073 | D:1      | 1073 ||| DROPPING potion of flight.
  1103 | D:2      | Found a faded altar of an unknown god.
  1129 | D:2      | 1129 ||| Stepping ~*~*~tactically~*~*~ (stealth).
  1230 | D:2      | Reached XP level 4. HP: 25/28 MP: 4/4
  1256 | D:2      | Found a white marble altar of Elyvilon.
  1462 | D:2      | Reached skill level 4 in Axes
  1764 | D:2      | 1764 ||| READING 2 scrolls of identify.
  1764 | D:2      | 1764 ||| IDENTIFYING coppery potion
  1765 | D:2      | 1765 ||| DROPPING potion of brilliance.
  2042 | D:3      | Found an iron altar of Okawaru.
  2043 | D:3      | 2043 ||| PLANNING OKAWARU WORSHIP
  2043 | D:3      | 2043 ||| UPGRADING to +0 chain mail.
  2053 | D:3      | 2053 ||| DROPPING +0 scale mail.
  2054 | D:3      | 2054 ||| UPGRADING to ring of see invisible.
  2055 | D:3      | 2055 ||| READING 3 scrolls of identify.
  2055 | D:3      | 2055 ||| IDENTIFYING fuming dark potion
  2063 | D:3      | Became a worshipper of Warmaster Okawaru
  2064 | D:3      | 2064 ||| PLANNING D:1-11
  2296 | D:3      | HP: 4/28 [orc priest/divine providence (11)]
  2298 | D:3      | Killed from afar by an orc priest

Levels and vault maps discovered:
D:1:      wander_arrival_estate, layout_basic
D:2:      layout_basic, hellmonk_ecumenical_altar_pennies_from_heaven,
          basic_altar, grunt_ministairs_1
D:3:      layout_loops_ring, okawaru_metal_pillars_1_2,
          chequers_serial_rivers_room_a, kennysheep_generic_room_16

Skill      XL: |  1  2  3  4 |
---------------+-------------+-----
Axes           | 2 3 4 |  4.1
Fighting       | |  3.2
Armour         | |  3.2
Shields        | |  3.2

Action                   |  1- 3 |  4- 6 || total
-------------------------+-------+-------++-------
Melee: War axe           |    71 |    31 ||   102
Throw: Boomerang         |    52 |    16 ||    68
  Use: Scroll            |     2 |     2 ||     4
       Potion            |     1 |       ||     1
Armor: Scale mail        |    60 |    11 ||    71
       Chain mail        |       |     4 ||     4
Dodge: Dodged            |    41 |    16 ||    57
Block: Buckler           |    10 |     5 ||    15

Table legend:
 A = Non-vault XP
 B = Vault XP
 C = Vault XP percentage of total XP
 D = Non-vault monster count
 E = Vault monster count
 F = Vault count percentage of total count
                 A         B        C        D         E       F
            +---------+---------+-------+---------+---------+-------
      Total |     114 |       7 |   5.8 |      52 |       3 |   5.5
            +---------+---------+-------+---------+---------+-------
        D:1 |      50 |       0 |   0.0 |      28 |       0 |   0.0
        D:2 |      48 |       4 |   7.7 |      16 |       2 |  11.1
        D:3 |      16 |       3 |  15.8 |       8 |       1 |  11.1
            +---------+---------+-------+---------+---------+-------
